Map: Jagannatha LE

Players

mistere - Winner!

  • Race: Protoss Protoss
  • League: Master
  • Spawn Location: 7:00

Pumba

  • Race: Zerg Zerg
  • League: Bronze
  • Spawn Location: 1:00

VOD

Have the link to the VOD?

Description

Time

  • Played on: July 27, 2021, 5:11 p.m.
  • Length: 5:31
Show
View Real Time Build Order
Export as new Build Order

mistere Protoss - Winner!

Build Orders: Mass Adepts 

Get SALT Encoding   

  12  0:00  Probe  
  13  0:15  Pylon  
  13  0:19  Probe (Chrono Boost)  
  14  0:28  Probe (Chrono Boost)  
  15  0:33  Probe (Chrono Boost)  
  16  0:39  Gateway  
  16  0:45  Probe  
  17  0:51  Assimilator  
  17  0:57  Assimilator  
  17  1:08  Gateway  
  17  1:12  Probe (Chrono Boost)  
  18  1:21  Probe (Chrono Boost)  
  19  1:26  Probe (Chrono Boost)  
  19  1:28  Cybernetics Core  
  19  1:31  Pylon  
  20  1:39  Probe  
  21  1:51  Probe  
  22  2:03  Probe  
  22  2:04  Warp Gate (Chrono Boost)  
  22  2:07  Adept  
  25  2:10  Adept  
  25  2:12  Pylon  
  25  2:14  Gateway  
  27  2:25  Twilight Council  
  27  2:38  Adept  
  27  2:41  Adept  
  31  2:52  Pylon  
  31  2:54  Forge  
  31  3:01  Adept  
  31  3:03  Resonating Glaives (Chrono Boost)  
  33  3:12  Adept  
  33  3:17  Adept  
  37  3:54  Adept x2  
  41  3:57  Adept  
  43  4:07  Pylon  
  43  4:15  Adept x2  
  47  4:27  Pylon  
  47  4:32  Shield Battery  
  47  4:39  Shield Battery  
  47  5:29  Stalker  
  47  5:30  Stalker x2  
Show
View Real Time Build Order
Export as new Build Order

Pumba Zerg 

Build Orders: Pool First 

Get SALT Encoding   

  12  0:00  Drone  
  13  0:14  Overlord  
  13  0:18  Drone  
  14  0:32  Drone x2  
  16  0:43  Drone  
  16  0:46  Spawning Pool  
  16  0:51  Drone  
  17  1:12  Hatchery  
  16  1:24  Drone  
  17  1:27  Extractor  
  17  1:28  Drone  
  17  1:29  Drone  
  18  1:34  Queen  
  20  1:42  Drone  
  21  2:05  Overlord  
  21  2:23  Queen  
  23  2:38  Overlord  
  23  3:02  Drone x8  
  31  3:19  Overlord x2  
  31  3:38  Drone x7  
  31  3:41  Overlord x2  
  38  4:10  Drone x9  
  38  4:11  Overlord x2  
  47  4:30  Roach Warren  
  46  4:42  Extractor  
  46  4:44  Extractor  
  46  4:45  Extractor  
  41  4:54  Drone x9  
  41  4:55  Overlord  
Tags
 
Add a new tag
Caveats
  • Supply blocks, unpowered buildings, or Contaminate may cause inaccurate times.
  • Supply counts are checked every 10 seconds.